Cogmind - Beta 10.1 @@@ ROGUE MODE // 2020.10.27 @ 23:10:30 Player: sideriver81 Result: Self-destructed Performance ------------- Evolutions (2) 1000 Regions Visited (5) 1000 Robots Destroyed (8) 40 Value Destroyed (143) 143 Prototype IDs (23) 460 Alien Tech Used (0) 0 Bonus (698) 698 TOTAL SCORE: 3341 Bonus ------- Follower Combat Kills 412 Aligned with FarCom 300 Friendly Fire -14 Cogmind --------- Core Integrity 550/550 Matter 236/300 Energy 125/125 System Corruption 0% Temperature Cool (0) Movement Walking (240) Ox4 Location -8/Materials Parts ------- > --- POWER (1) -------- Light Ion Engine > --- PROPULSION (2) --- Aluminum Leg Aluminum Leg > --- UTILITY (6) ------ Army-in-a-Box (0/30) > --- WEAPON (2) ------- Autogun Autogun > --- INVENTORY (4) ---- Aerolev Unit Large Storage Unit Hardened Light Armor Plating Heavy Assault Rifle Peak State ------------ > --- POWER ------------ Light Ion Engine > --- PROPULSION ------- Aluminum Leg Aluminum Leg > --- UTILITY ---------- Army-in-a-Box > --- WEAPON ----------- Autogun Autogun > --- INVENTORY -------- (None) [Rating: 61] Favorites ----------- Power Light Ion Engine Engine Light Ion Engine Propulsion Aluminum Leg Leg Aluminum Leg Utility Signal Interpreter Device Army-in-a-Box Storage Small Storage Unit Processor Signal Interpreter Weapon Autogun Energy Gun Small Laser Ballistic Gun Autogun Build | -11 -10 -10 -10 -9 -8 ------- Run | Scr Mat Min Exi Min Mat Slots Evolved 4 | . . . . . 4 Power . | . . . . . . Propulsion . | . . . . . . Utility 4 | . . . . . 4 Weapon . | . . . . . . Parts Attached 11 | . 7 1 1 . 2 Power 1 | . . 1 . . . Engine 1 | . . 1 . . . Core . | . . . . . . Reactor . | . . . . . . Propulsion . | . . . . . . Treads . | . . . . . . Leg . | . . . . . . Wheel . | . . . . . . Hover . | . . . . . . Flight . | . . . . . . Utility 4 | . 2 . 1 . 1 Device 2 | . 1 . . . 1 Storage 1 | . . . 1 . . Processor 1 | . 1 . . . . Hackware . | . . . . . . Protection . | . . . . . . Artifact . | . . . . . . Weapon 6 | . 5 . . . 1 Energy Gun . | . . . . . . Energy Cannon . | . . . . . . Ballistic Gun 6 | . 5 . . . 1 Ballistic Cannon . | . . . . . . Launcher . | . . . . . . Special Weapon . | . . . . . . Impact Weapon . | . . . . . . Slashing Weapon . | . . . . . . Piercing Weapon . | . . . . . . Special Melee Weapon . | . . . . . . Unidentified Prototypes . | . . . . . . Parts Lost . | . . . . . . Power . | . . . . . . Propulsion . | . . . . . . Utility . | . . . . . . Weapon . | . . . . . . Highest Loss Streak . | . . . . . . Average Slot Usage (%) 95 | . 99 100 100 100 54 Engine 13 | . 14 14 14 14 9 Leg 26 | . 28 28 28 28 18 Device 1 | . 4 . . . 9 Storage 12 | . 14 14 14 14 . Processor 11 | . 9 14 14 14 . Ballistic Gun 26 | . 28 28 28 28 18 Naked Turns . | . . . . . . Heaviest Build 89 | 10 13 13 25 25 89 Greatest Support 20 | 20 20 20 20 20 20 Greatest Overweight (x) 4 | . . . 1 1 4 Average Overweight (x) . | . . . . 1 3 Largest Inventory Capacity 10 | . 6 6 10 10 4 Average Capacity 6 | . 6 6 7 10 4 Most Carried 8 | . 6 6 8 8 4 Average Carried 6 | . 5 6 6 8 3 Final Capacity 10 | 6 6 6 10 10 4 Final Carried 8 | 6 6 6 8 8 4 Class Distribution -------------------- 100% | Mutant Dominant Class ---------------- Mutant | -10/Materials Mutant | -10/Mines Mutant | -10/Exiles Mutant | -9/Mines Mutant | -8/Materials Resources | -11 -10 -10 -10 -9 -8 ----------- Run | Scr Mat Min Exi Min Mat Matter Collected 448 | 200 123 103 . . 22 Remotely . | . . . . . . Salvage Created 233 | . 130 40 . 63 . Parts 16 | . 10 3 . 3 . Haulers Intercepted . | . . . . . . Recyclers Shooed 1 | . . 1 . . . Parts Field Recycled . | . . . . . . Retrieved Matter . | . . . . . . Parts Self-Destructed . | . . . . . . Prevented . | . . . . . . Kills | -11 -10 -10 -10 -9 -8 ------- Run | Scr Mat Min Exi Min Mat Combat Hostiles Destroyed 6 | . 3 1 . 2 . Guns 6 | . 3 1 . 2 . Classes Destroyed 5 | . 3 1 . 1 . Recycler 1 | . 1 . . . . Watcher 1 | . 1 . . . . Swarmer 3 | . 3 . . . . Grunt 2 | . . 1 . 1 . Assembled 1 | . . . . 1 . Best Kill Streak 4 | . 4 1 . 1 . Combat Bots Only 3 | . 3 1 . 1 . Max Kills in Single Turn 1 | . 1 1 . 1 . Gunslinging . | . . . . . . Exploded . | . . . . . . Melee . | . . . . . . Uniques/NPCs Destroyed . | . . . . . . Combat | -11 -10 -10 -10 -9 -8 -------- Run | Scr Mat Min Exi Min Mat Damage Taken 431 | . 313 17 . 101 . Core 130 | . 81 7 . 42 . Absorbed by Shields . | . . . . . . Core Remaining (%) 74 | 100 . . . 48 . Volleys Fired 28 | . 14 7 . 7 . Largest 2 | . 2 2 . 2 . Hottest 46 | . 46 46 . 46 . Shots Fired 56 | . 28 14 . 14 . Gun 56 | . 28 14 . 14 . Cannon . | . . . . . . Launcher . | . . . . . . Special . | . . . . . . Kinetic 56 | . 28 14 . 14 . Thermal . | . . . . . . Explosive . | . . . . . . Electromagnetic . | . . . . . . Robot Hit Streak 9 | . 4 3 . 9 . Robot Miss Streak 3 | . 3 2 . 3 . Penetration Max . | . . . . . . Secondary Targets . | . . . . . . Shots Hit Robots 29 | . 12 7 . 10 . Core Hits 11 | . 5 1 . 5 . Critical Hits . | . . . . . . Critical Kills . | . . . . . . Critical Parts Destroyed . | . . . . . . Melee Attacks . | . . . . . . Impact . | . . . . . . Slashing . | . . . . . . Piercing . | . . . . . . Sneak Attacks . | . . . . . . Combat Hostiles . | . . . . . . Follow-up Attacks . | . . . . . . Damage Inflicted 429 | . 197 106 . 126 . Guns 429 | . 197 106 . 126 . Cannons . | . . . . . . Explosions . | . . . . . . Melee . | . . . . . . Ramming . | . . . . . . Kinetic 429 | . 197 106 . 126 . Thermal . | . . . . . . Explosive . | . . . . . . Electromagnetic . | . . . . . . Impact . | . . . . . . Slashing . | . . . . . . Piercing . | . . . . . . Highest Corruption . | . . . . . . Average Corruption . | . . . . . . Corruption Purged . | . . . . . . Overload Shots . | . . . . . . Overflow Damage . | . . . . . . Projectiles . | . . . . . . Explosions . | . . . . . . Melee . | . . . . . . Knockbacks . | . . . . . . Impact . | . . . . . . Kinetic . | . . . . . . Secondary . | . . . . . . Self-Inflicted Damage . | . . . . . . Shots . | . . . . . . Rammed . | . . . . . . Targets Rammed . | . . . . . . Kicked . | . . . . . . Crushed . | . . . . . . Highest Temperature 30 | . 12 12 . 30 . Average Temperature 7 | . 6 5 . 10 . Received Heat Transfer 27 | . . . . 27 . Siege Activations . | . . . . . . Robots Corrupted . | . . . . . . Combat Hostiles . | . . . . . . Parts Fried . | . . . . . . Impact Corruptions . | . . . . . . Robots Melted . | . . . . . . Combat Hostiles . | . . . . . . Parts Melted . | . . . . . . Heat Transferred . | . . . . . . Parts Sabotaged . | . . . . . . Parts Stolen . | . . . . . . Parts Stripped . | . . . . . . Power Chain Reactions . | . . . . . . Missiles Intercepted . | . . . . . . Alert | -11 -10 -10 -10 -9 -8 ------- Run | Scr Mat Min Exi Min Mat Peak Influence 606 | . 137 192 . 30 606 Initial 53 | . . 53 . . 11 Average 59 | . 78 64 . 3 83 Maximum Alert Level 2 | . . . . . 2 Low Security (%) 97 | . 100 100 . 100 87 Level 1 1 | . . . . . 6 Level 2 1 | . . . . . 6 Level 3 . | . . . . . . Level 4 . | . . . . . . Level 5 . | . . . . . . High Security . | . . . . . . Max Security . | . . . . . . Squads Dispatched 2 | . . . . . 2 Investigation . | . . . . . . Extermination . | . . . . . . Reinforcement 2 | . . . . . 2 Assault . | . . . . . . Garrison . | . . . . . . Intercept . | . . . . . . Construction Impeded 1 | . . . . . 1 Haulers Reinforced . | . . . . . . Stealth | -11 -10 -10 -10 -9 -8 --------- Run | Scr Mat Min Exi Min Mat Distress Signals 2 | . 1 . . . 1 Communications Jammed . | . . . . . . Distress Signals . | . . . . . . Times Spotted 33 | . 11 5 . 10 7 Peak Tracking Total 9 | . 3 3 . 9 4 Tactical Retreats 4 | . 1 . . 3 . Traps | -11 -10 -10 -10 -9 -8 ------- Run | Scr Mat Min Exi Min Mat Traps Triggered 1 | . 1 . . . . Indirectly . | . . . . . . Trap Hack Attempts . | . . . . . . Triggered . | . . . . . . Disarmed . | . . . . . . Reprogrammed . | . . . . . . Reused . | . . . . . . Traps Extracted . | . . . . . . Installed . | . . . . . . Triggered . | . . . . . . Machines | -11 -10 -10 -10 -9 -8 ---------- Run | Scr Mat Min Exi Min Mat Machines Disabled 1 | . . . . . 1 Max in Single Turn . | . . . . . . Machines Sabotaged . | . . . . . . Garrisons Compromised . | . . . . . . Overloaded Fab Kills . | . . . . . . Fab Network Shutdowns . | . . . . . . Hacking | -11 -10 -10 -10 -9 -8 --------- Run | Scr Mat Min Exi Min Mat Machines Accessed 8 | . 1 . 5 . 2 Terminals 3 | . 1 . . . 2 Fabricators . | . . . . . . Repair Stations . | . . . . . . Recycling Units . | . . . . . . Scanalyzers . | . . . . . . Garrison Access . | . . . . . . Total Hacks 57 | . 3 . 50 . 4 Successful 53 | . 2 . 50 . 1 Failed 4 | . 1 . . . 3 Catastrophic 1 | . . . . . 1 Database Lockouts . | . . . . . . Manual 5 | . 2 . 1 . 2 Terminals 7 | . 3 . . . 4 Fabricators . | . . . . . . Repair Stations . | . . . . . . Recycling Units . | . . . . . . Scanalyzers . | . . . . . . Garrison Access . | . . . . . . Terminal Hacks 52 | . 1 . 50 . 1 Record 49 | . . . 49 . . Terminal Index 2 | . 1 . . . 1 EX-Prototype ID Bank 1 | . . . 1 . . Fabricator Hacks . | . . . . . . Repair Station Hacks . | . . . . . . Recycling Unit Hacks . | . . . . . . Scanalyzer . | . . . . . . Garrison Access Hacks . | . . . . . . Unauthorized Hacks 1 | . 1 . . . . Terminals 1 | . 1 . . . . Botnet 1 | . 1 . . . . Fabricators . | . . . . . . Repair Stations . | . . . . . . Recycling Units . | . . . . . . Scanalyzers . | . . . . . . Garrison Access . | . . . . . . Data Cores Recovered . | . . . . . . Used . | . . . . . . Hacking Detections 3 | . 1 . . . 2 Full Trace Events . | . . . . . . Feedback Events . | . . . . . . Feedback Blocked . | . . . . . . Robot Schematics Acquired . | . . . . . . Robots Built . | . . . . . . Matter . | . . . . . . Time . | . . . . . . Total Robot Build Rating . | . . . . . . Part Schematics Acquired . | . . . . . . Parts Built . | . . . . . . Matter . | . . . . . . Time . | . . . . . . Total Part Build Rating . | . . . . . . Parts Repaired . | . . . . . . Time . | . . . . . . Parts Recycled . | . . . . . . Recycled Matter . | . . . . . . Retrieved Matter . | . . . . . . Retrieved Components . | . . . . . . Parts Scanalyzed . | . . . . . . Part Schematics Acquired . | . . . . . . Parts Damaged . | . . . . . . Bothacking | -11 -10 -10 -10 -9 -8 ------------ Run | Scr Mat Min Exi Min Mat Used RIF Installer . | . . . . . . Robots Hacked . | . . . . . . Non-combat . | . . . . . . Combat . | . . . . . . Robot Hacks Applied . | . . . . . . Relay Couplers Released . | . . . . . . Robots Rewired . | . . . . . . Allies Hacked . | . . . . . . Hacks Repelled . | . . . . . . Allies | -11 -10 -10 -10 -9 -8 -------- Run | Scr Mat Min Exi Min Mat Total Allies 3 | . . 3 . . . Largest Group 3 | . . 3 3 3 . Highest-Rated Group 40 | . . 40 40 40 . Highest-Rated Ally 16 | . . 16 16 16 . Total Orders . | . . . . . . Ally Attacks 107 | . . 17 . 24 66 Total Damage 1975 | . . 138 . 246 1591 Kills 23 | . . 4 . 4 15 Allies Corrupted . | . . . . . . Allies Melted . | . . . . . . Intel | -11 -10 -10 -10 -9 -8 ------- Run | Scr Mat Min Exi Min Mat Robot Analysis Total . | . . . . . . Derelict Logs Recovered 2 | . . 1 . 1 . Drone Launches 30 | . . . . . 30 Drone Recoveries . | . . . . . . Exploration | -11 -10 -10 -10 -9 -8 ------------- Run | Scr Mat Min Exi Min Mat Turns Passed 2114 | . 322 521 797 249 225 Spaces Moved 1466 | 1 211 404 609 152 89 Core . | . . . . . . Treads . | . . . . . . Legs 1466 | 1 211 404 609 152 89 Wheels . | . . . . . . Hover . | . . . . . . Flight . | . . . . . . Fastest Speed 120 | 120 120 120 120 150 120 Average Speed 134 | 120 120 120 130 150 238 Slowest Speed 240 | 120 120 120 150 150 240 Overloaded Moves . | . . . . . . Propulsion Burnouts . | . . . . . . Robots Hopped . | . . . . . . Cave-ins Triggered . | . . . . . . Exploration Rate (%) 44 | 2 46 80 80 38 21 Regions Visited 5 Branch Regions 3 Pre-discovered Areas 3 | . . 1 1 1 . Known Exits Taken 4 | . 1 1 1 1 . Unknown Exits Taken 1 | 1 . . . . . Scrap Searched 2 | . . 2 . . . Spaces Dug . | . . . . . . Terrain Destroyed . | . . . . . . Melee . | . . . . . . Projectile . | . . . . . . AOE . | . . . . . . Terrain Rammed . | . . . . . . Walls Destroyed . | . . . . . . Machines Disabled . | . . . . . . Actions | -11 -10 -10 -10 -9 -8 --------- Run | Scr Mat Min Exi Min Mat Total 1572 | . 262 429 617 162 102 Wait 27 | . 2 16 2 4 3 Move 1461 | . 210 403 608 151 89 Hop . | . . . . . . Pick Up 20 | . 13 1 1 . 5 Fast Attach 5 | . 4 . . . 1 Attach 1 | . 1 . . . . Detach . | . . . . . . Swap 5 | . 2 1 1 . 1 Drop 25 | . 16 1 5 . 3 Fire 28 | . 14 7 . 7 . Melee . | . . . . . . Ram . | . . . . . . Kick . | . . . . . . Crush . | . . . . . . Escape Stasis . | . . . . . . Rewire . | . . . . . . Trap . | . . . . . . Miscellaneous . | . . . . . . Route ------- -11/Scrapyard -10/Materials (discovered 2 exits: *Mat / *Min) -10/Mines (discovered 2 exits: *Mat / *Exi) -10/Exiles (discovered 2 exits: *Min x2) -9/Mines -8/Materials History --------- Turn | Location | Event 1 | -11/Scrapyard | Discovered new exit (range 0) 1 | -11/Scrapyard | Entered Materials 167 | -10/Materials | Discovered new exit (range 7) 174 | -10/Materials | Identified exit to Materials 305 | -10/Materials | Discovered new exit (range 15) 316 | -10/Materials | Build established: Mutant 322 | -10/Materials | Identified exit to Mines 323 | -10/Materials | Entered Mines 327 | -10/Mines | Assisted by bots powering up and referring to "LRC-V3" 346 | -10/Mines | Deemed a non-threat by the Exiles lab entrance 347 | -10/Mines | Discovered new exit (range 5) 351 | -10/Mines | Identified exit to Exiles 532 | -10/Mines | Learned Materials emergency access door positions 669 | -10/Mines | Learned location of Storage (-9) 676 | -10/Mines | Discovered exit to Materials (range 8) 844 | -10/Mines | Entered Exiles 844 | -10/Exiles | Accompanied by 3 allies 860 | -10/Exiles | Discovered new exit (range 15) 876 | -10/Exiles | Identified exit to Mines 901 | -10/Exiles | Met 8R-AWN 916 | -10/Exiles | Met EX-HEX 976 | -10/Exiles | Met EX-DEC 999 | -10/Exiles | Visited The Gauntlet 1057 | -10/Exiles | Learned location of Zion (-6) 1080 | -10/Exiles | Met EX-BIN 1164 | -10/Exiles | Aligned with FarCom system 1165 | -10/Exiles | Given EX-Vault access code 1194 | -10/Exiles | Opened EX-Vault 1220 | -10/Exiles | Warned to stay clear of 0b10 Research branches 1448 | -10/Exiles | Found Army-in-a-Box 1622 | -10/Exiles | Discovered exit to Mines (range 14) 1641 | -10/Exiles | Left Exiles lab with Army-in-a-Box 1641 | -10/Exiles | Entered Mines 1641 | -9/Mines | Accompanied by 3 allies 1735 | -9/Mines | Assembled infested the area 1740 | -9/Mines | Assisted by a Guerilla fighting off Assembled 1856 | -9/Mines | Core integrity fell below 50% 1878 | -9/Mines | Discovered new exit (range 8) 1889 | -9/Mines | Identified exit to Materials 1890 | -9/Mines | Entered Materials 1890 | -8/Materials | Evolved 4 slots: Utility x4 2115 | -8/Materials | Self-destructed Last Messages --------------- 02103_ U-05 Engineer lays Concrete. 02104_ Army Drone released from Army-in-a-Box. 02104_ U-05 Engineer lays Concrete. 02105_ Army Drone released from Army-in-a-Box. 02106_ U-05 Engineer lays Concrete. 02107_ Army Drone released from Army-in-a-Box. 02107_ U-05 Engineer lays Concrete. 02108_ Army Drone released from Army-in-a-Box. 02108_ K-01 Serf collects debris. 02108_ U-05 Engineer builds a Door. 02109_ Army Drone released from Army-in-a-Box. 02109_ G-47 Trooper destroyed. 02110_ Army Drone released from Army-in-a-Box. 02112_ The unstable cave ceiling collapses. 02112_ K-01 Serf collects debris. 02113_ U-05 Engineer lays Concrete. 02114_ S-10 Pest destroyed. 02114_ U-05 Engineer lays Concrete. 02114_ S-10 Pest destroyed. 02115_ U-05 Engineer builds a Wall. Map ----- +----------------------------------------------------+ | ???????????#####?????????????????????????????????? | | ?????????########????????????????????????????????? | | ########## ##????????????????????????????????? | | ! T #?????????????????????????????????? | | ! / #?????????????????????????????????? | | #?????????????????????????????????? | | ######+### #?????????????????????????????????? | | ??## ## ##?????????????????????????????????? | | ??#" ## #??????????????????????????????????? | | ??#" """ ## #??????????????????????????????????? | | ??#" """ ## #########??????????????????????????? | | ??#T """ ## ## T #??????????????????????????? | | ??#" ## ## !#??????????????????#???????? | | ??#" """ ## ## """ #???????????? ""??]#???????? | | ??#" """ ## ## """ !#######?????? """ #???????? | | ??## """ ## ## """ # ###??## """ #???????? | | ???# ## ## # ## ### #???????? | | ???# ## ###+###### # ###??????? | | ???# ## o n r| #??????? | | ???######## nunnnn! * #??????? | | ??????????# u n n n % %= ?????? | | ??????????######## nn##### # g #?????????? | | ?????????????????# #???# # #?????????? | | ?????????????????# ##########T# ###########???? | | ?????????????????# nn nnn #???? | | ?????????????????# @ n u #???? | | ?????????????????# n nnn [%u #???? | | ??????????######## nn###############;#/### #???? | | ??????????# ! # #? ! #???????? #???????? | | ??????????# ! #nnn# #?????????"""#???????? | | ??????????# #*[%# "" #??????????Y"#???????? | | ??????????# +%n=+ S"" #???????????"#???????? | | ??????????# "T" #%%^# "" #????????????????????? | | ??????????# """ ;!!t# #????????????????????? | | ???????##/######=;%k=###### #????????????????????? | | ???????# w %!=/ #?????#????????????????????? | | ???????# ! ! ! #??????????????????????????? | | ???????# =+% % #??????????????????????????? | | ???????#! !!= #a #??????????????????????????? | | ???????# !! # n #??????????????????????????? | | ???????# != ##rn ##??????????????????????????? | | ???????+ ??# #???????????????????????????? | | ???????# ??# #???????????????????????????? | | ???????# [ ??# #???????????????????????????? | | ???????###### ???# #???????????????????????????? | | ????????????#????# ;???????????????????????????? | | ?????????????????# *#???????????????????????????? | | ?????????????????###%#???????????????????????????? | | ????????????????????s#???????????????????????????? | | ????????????????????%#???????????????????????????? | +----------------------------------------------------+ Best States ------------- Heat Dissipation 31 Energy Generation 10 Energy Capacity 125 Matter Stores 300 Matter Capacity 300 Sight Range 16 Terrain Scan Density 10 Evasion (%) 40 Item Schematics ----------------- None Robot Schematics ------------------ None Fabricated ------------ Nothing Alien Tech Used ----------------- None Achievements -------------- None Challenges ------------ None Game ------ Seed CoolingTargetingInterpreter Manual? 0 Play Time 00:25:13 Cumulative 302.3 hours Start 2020.09.15 @ 20:08:05 End 2020.10.27 @ 23:10:30 Sessions 5 Manual Loads 0 Difficulty Rogue Special Mode None Game No. 129 Rogue 51 Adventurer 48 Explorer 30 Win Type - Total 46 Types 30/5/4/2/2/1/2/0/0 Lore% 95 Gallery% 98 Achievement% 88 Wizard Run 0 Options --------- ASCII 0 Keyboard 0 Movement Numpad Keybinds 1 Fullscreen 0 Font 18/Terminus Map View 76x50 Tactical HUD 1 Map Filters NONE Filters NONE Steam 1 RUN: 191a5645-1f96-4a96-b5f9-0989133b3b34